 Dungeon Crawl Stone Soup version 0.30-a0-43-gbbf338a72c (webtiles) character file.

Game seed: 4447242478672157408

318 Destapler the Trooper (level 6, -2/53 HPs)
             Began as a Minotaur Abyssal Knight on Aug 31, 2022.
             Was a Believer of Lugonu.
             Slain by an ogre
             ... wielding a +0 giant club
              (18 damage)
             ... on level 5 of the Dungeon.
             The game lasted 00:05:54 (4278 turns).

Destapler the Trooper (Minotaur Abyssal Knight)     Turns: 4278, Time: 00:05:55

Health: -2/53      AC:  4    Str: 19    XL:     6   Next: 21%
Magic:  7/7        EV: 12    Int:  7    God:    Lugonu [**....]
Gold:   213        SH:  9    Dex: 17    Spells: 5/5 levels left

rFire   . . .      SeeInvis .    a - +1 hand axe (venom)
rCold   . . .      Faith    .    j - +0 buckler
rNeg    . . .      Spirit   .    b - +0 leather armour
rPois   +          Reflect  +    (helmet restricted)
rElec   .          Harm     .    (no cloak)
rCorr   .          Rampage  .    f - +0 pair of gloves
Will    .....                    (no boots)
Stlth   ++........               e - amulet of reflection
HPRegen 0.17/turn                r - ring of poison resistance
MPRegen 0.10/turn                s - +6 ring of dexterity

@: no status effects
A: horns 2, retaliatory headbutt
a: Renounce Religion, Depart the Abyss, Bend Space


You were on level 5 of the Dungeon.
You worshipped Lugonu.
Lugonu was pleased with you.
You visited 1 branch of the dungeon, and saw 5 of its levels.
You visited the Abyss 1 time.

You collected 213 gold pieces.

Inventory:

Hand Weapons
 a - a +1 hand axe of venom (weapon)
Armour
 b - a +0 leather armour (worn)
 f - a +0 pair of gloves (worn)
 j - a +0 buckler (worn)
Jewellery
 e - an amulet of reflection (around neck)
 k - the ring "Zolum" {rN+ Int+3}
   (You found it on level 2 of the Dungeon)

   [ring of positive energy]

   Int:       It affects your intelligence (+3).
   rN:        It protects you from negative energy.
 r - a ring of poison resistance (left hand)
 s - a +6 ring of dexterity (right hand)
Wands
 v - a wand of flame (6)
Scrolls
 o - 3 scrolls of identify
 p - a scroll of fear
 q - a scroll of teleportation {unknown}
 t - a scroll of acquirement {unknown}
 u - a scroll of summoning
 y - a scroll of enchant armour {unknown}
 z - a scroll of blinking {unknown}
Potions
 c - 2 potions of degeneration {unknown}
 d - a potion of cancellation
 g - 3 potions of resistance
 h - 4 potions of lignification {unknown}
 i - 2 potions of mutation {unknown}
 l - a potion of haste
 m - a potion of heal wounds
 n - 2 potions of flight
 w - a potion of attraction {unknown}
 x - a potion of brilliance {unknown}


   Skills:
 + Level 4.7 Fighting
 + Level 3.9 Axes
 + Level 3.9 Armour
 + Level 3.0 Dodging
 + Level 1.1 Stealth
 + Level 1.6 Shields
 + Level 3.1 Invocations


You had 5 spell levels left.
You didn't know any spells.
Your spell library was empty.

Dungeon Overview and Level Annotations

Branches:
Dungeon (5/15)             Temple (0/1) D:4

Altars:
Ashenzari
Gozag
Kikubaaqudgha
Makhleb
Qazlal
Sif Muna
Xom
The Shining One


Innate Abilities, Weirdness & Mutations

You have a pair of horns on your head.
You reflexively headbutt those who attack you in melee.


Message History

a +0 dagger; a +0 leather armour You see here a +0 club.
y - a scroll labelled KAETYO SEMASED
Things that are here:
a +0 club; a boomerang; an orc skeleton Done exploring.
Done exploring.
Done exploring.
No target in view!
(D) Dungeon (T) Temple
Where to? (Enter - D:4, ? - help)
Things that are here:
a +0 club; a +0 ring mail
There is a stone staircase leading down here.
You climb downwards.
There is a stone staircase leading up here.
There is a stone staircase leading up here.
z - a scroll labelled COXZACK URUQE An ogre comes into view.
It is wielding a +0 giant club.
Found a stone staircase leading down.
The ogre shouts!
The ogre moves out of view.
You now have 213 gold pieces (gained 12).
An ogre is nearby!
An ogre is nearby!
An ogre is nearby!
You slash the ogre!
The ogre is poisoned.
The ogre is moderately wounded.
The ogre hits you with a +0 giant club!!!
Ouch! That really hurt!
* * * LOW HITPOINT WARNING * * *
You hit the ogre.
The ogre looks as sick as possible!
Your headbutt misses the ogre.
The ogre is moderately wounded.
You slash the ogre!
The ogre looks as sick as possible!
The ogre is severely wounded.
You block the ogre's attack. The ogre attacks as you move away!
The ogre hits you with a +0 giant club!!
You die...

#. #. ## #.##.##
#..:..# .....
#.#.# ##.#.#.####
#..@O...>.. #
#..#.#.....
...#.##..#.#.....
...............!.
...####.#####...
#.#####..
#........
#.####### #.# ##


You could see an ogre (extremely poisoned).

Vanquished Creatures
  3 orc priests
  Ijyb (D:4)
  Natasha (twice) (D:2)
  An orc wizard (D:4)
  5 adders
  An ufetubus (D:4)
  A worm (D:3)
  3 dart slugs (D:4)
  12 orcs
  7 ball pythons
  2 bats
  4 endoplasms
  A giant cockroach (D:4)
  3 goblins
  4 hobgoblins
  3 jackals (D:3)
  7 kobolds
  A quokka (D:1)
  5 frilled lizards
  2 rats
68 creatures vanquished.

Vanquished Creatures (others)
  8 plants (D:3)
  11 withered plants (D:3)
19 creatures vanquished.

Grand Total: 87 creatures vanquished

Notes
Turn   | Place    | Note
-------+----------+-------------------------------------------
     0 | Abyss:1  | Destapler the Minotaur Abyssal Knight began the quest for
                  | the Orb.
     0 | Abyss:1  | Reached XP level 1. HP: 19/19 MP: 1/1
    88 | Abyss:1  | Noticed a demonic crawler
   105 | D:1      | Escaped the Abyss
   422 | D:1      | Reached XP level 2. HP: 8/27 MP: 2/2
  1322 | D:2      | Noticed Natasha
  1325 | D:2      | Killed Natasha
  1326 | D:2      | Reached skill level 4 in Fighting
  1326 | D:2      | Reached XP level 3. HP: 24/33 MP: 1/3
  1474 | D:2      | Identified the ring "Zolum" {rN+ Int+3}
  1553 | D:2      | Reached XP level 4. HP: 28/40 MP: 4/4
  1725 | D:2      | Noticed Natasha
  1747 | D:2      | Killed Natasha
  2079 | D:3      | Found a faded altar of an unknown god.
  2366 | D:3      | Found a shimmering altar of Xom.
  2455 | D:3      | Found a shimmering blue altar of Sif Muna.
  2455 | D:3      | Found a glowing golden altar of the Shining One.
  2456 | D:3      | Found a broken altar of Ashenzari.
  2479 | D:3      | Found a stormy altar of Qazlal.
  2685 | D:2      | Reached XP level 5. HP: 13/47 MP: 6/6
  3111 | D:4      | Found a staircase to the Ecumenical Temple.
  3161 | D:4      | Found a burning altar of Makhleb.
  3166 | D:4      | Found an opulent altar of Gozag.
  3265 | D:4      | Reached skill level 1 in Shields
  3439 | D:4      | Found an ancient bone altar of Kikubaaqudgha.
  3629 | D:4      | Noticed Ijyb
  3636 | D:4      | Killed Ijyb
  3965 | D:4      | Reached skill level 1 in Stealth
  3965 | D:4      | Reached XP level 6. HP: 52/53 MP: 7/7
  4238 | D:5      | Entered Level 5 of the Dungeon
  4278 | D:5      | Slain by an ogre

Illustrated notes

Levels and vault maps discovered:
D:1:      dpeg_arrival_water_fire, layout_basic
D:2:      layout_rooms, uniq_natasha
D:3:      layout_rooms, gammafunk_temple_overflow_forgotten,
          nicolae_qazlal_eye_of_the_storm, mainiacjoe_overflow_brackets,
          shapermc_ecumenical_altar_flowoftime, guppyfry_early_lair_pool
D:4:      layout_loops_cross, kennysheep_mini,
          mainiacjoe_overflow_concentric_impassable, bloody_makhleb,
          minmay_temple_entry_mist, uniq_ijyb
D:5:      layout_loops_cross, mainiacjoe_overflow_boulevard, uniq_duvessa

Skill      XL: |  1  2  3  4  5 |
---------------+----------------+-----
Invocations    | 2 3 |  3.1
Fighting       | 4 |  4.7
Axes           | 3 |  3.9
Armour         | 3 |  3.9
Dodging        | 2 3 |  3.0
Shields        | 1 |  1.6
Stealth        | 1 |  1.1

Action                   |  1- 3 |  4- 6 || total
-------------------------+-------+-------++-------
Melee: Hand axe          |    56 |   103 ||   159
       Headbutt          |     4 |    16 ||    20
Invok: Depart the Abyss  |     1 |       ||     1
       Bend Space        |     1 |     1 ||     2
  Use: Scroll            |       |     8 ||     8
 Stab: Sleeping          |       |     1 ||     1
Armor: Leather armour    |    16 |    24 ||    40
Dodge: Dodged            |    43 |    52 ||    95
Block: Buckler           |       |    22 ||    22
       Reflection        |       |     2 ||     2

Table legend: (Time is in decaauts)
 A = Elapsed time spent in this place.
 B = Non-inter-level travel time spent in this place.
 C = Inter-level travel time spent in this place.
 D = Time resting spent in this place.
 E = Time spent auto-exploring this place.
 F = Levels seen in this place.
 G = Mean time per level.
                   A        B        C        D        E       F      G
               +--------+--------+--------+--------+--------+-----+--------+
         Total |   4304 |   4214 |     90 |    708 |   2985 |   6 |  717.3 |
       Dungeon |   4199 |   4109 |     90 |    708 |   2897 |   5 |  839.8 |
         Abyss |    105 |    105 |      0 |      0 |     88 |   1 |  105.0 |
               +--------+--------+--------+--------+--------+-----+--------+

Top non-repeatable levels by time:
     D:2: 1212 daAuts
     D:4: 1137 daAuts
     D:1: 1054 daAuts
     D:3: 755 daAuts
 Abyss:1: 105 daAuts
     D:5: 40 daAuts
